 Seeded DCSS version 0.32-a0-918-g0f22ef8d61 (webtiles) character file.

Game seed: 202404104 (custom seed)

130127 Orlauf the Impassioned (level 16, -3/131 HPs)
             Began as a Demonspawn Gladiator on Apr 10, 2024.
             Was a Follower of Uskayaw.
             Killed from afar by a shock serpent (19 damage)
             ... with a bolt of electricity
             ... on level 2 of the Snake Pit.
             The game lasted 00:49:27 (24420 turns).

Orlauf the Impassioned (Demonspawn Gladiator)      Turns: 24420, Time: 00:49:28

Health: -3/131     AC: 35    Str: 23    XL:     16   Next: 52%
Magic:  28/28      EV:  7    Int: 11    God:    Uskayaw [*.....]
Gold:   2178       SH:  0    Dex: 14    Spells: 15/15 levels left

rFire   + . .        b - +0 battleaxe (flame)
rCold   + . .        (shield currently unavailable)
rNeg    . . .        L - +7 plate armour "Umeodek" {Rampage rPois rCorr Stlth+}
rPois   +            s - +1 helmet
rElec   .            q - +1 cloak
rCorr   +            (gloves unavailable)
SInv    +            P - +2 pair of boots {rampage}
Will    +....        i - amulet "Umahet" {Harm rC+ Regen+ Int+2 SInv} Stlth
                     N - ring of protection from fire
HPRegen 1.21/turn    D - +4 ring of slaying
MPRegen 0.42/turn

%: harm (+30% outgoing, +20% incoming), rampage
@: no status effects
A: claws 3, slimy green scales 2, foul stench 2, magic regeneration
a: Renounce Religion, Stomp


You were on level 2 of the Snake Pit.
You worshipped Uskayaw.
Uskayaw was most pleased with you.
You visited 5 branches of the dungeon, and saw 25 of its levels.
You also visited: Sewer and Volcano.

You collected 2538 gold pieces.
You spent 360 gold pieces at shops.

Inventory:

Hand Weapons
 a - a +2 heavy executioner's axe
 b - a +0 battleaxe of flaming (weapon)
 v - a +0 battleaxe
 V - a +0 broad axe of flaming
Missiles
 w - 6 curare-tipped darts
 F - 6 throwing nets
 W - 3 silver javelins
Armour
 k - a +0 chain mail of cold resistance
 q - a +1 cloak (worn)
 s - a +1 helmet (worn)
 L - the +7 plate armour "Umeodek" (worn) {Rampage rPois rCorr Stlth+}
   (You found it on level 2 of the Lair of Beasts)

   rPois:     It protects you from poison.
   rCorr:     It protects you from acid and corrosion.
   Rampage:   It bestows one free step when moving towards enemies.
   Stlth+:    It makes you more stealthy.
 P - a +2 pair of boots of rampaging (worn)
 Q - the +0 chain mail of the Sparrow {Fly Will+}
   (You found it on level 1 of the Lair of Beasts)

   Will+:     It increases your willpower.
   Fly:       It grants you flight.
Jewellery
 e - the amulet of Mikajux {Faith -Tele Rampage +Inv rCorr}
   (You took it off a yaktaur captain on level 14 of the Dungeon)

   [amulet of faith]

   Faith:     It allows you to gain divine favour quickly.
   +Inv:      It lets you turn invisible.
   -Tele:     It prevents most forms of teleportation.
   rCorr:     It protects you from acid and corrosion.
   Rampage:   It bestows one free step when moving towards enemies.
 i - the amulet "Umahet" (around neck) {Harm rC+ Regen+ Int+2 SInv}
   (You took it off a centaur warrior on level 10 of the Dungeon)

   [amulet of regeneration]

   Int+2:     It affects your intelligence (+2).
   rC+:       It protects you from cold.
   SInv:      It lets you see invisible.
   Regen+:    It increases your rate of health regeneration.
   Harm:      It increases damage dealt and taken.
 l - a +6 ring of strength
 D - a +4 ring of slaying (right claw)
 G - a ring of poison resistance
 N - a ring of protection from fire (left claw)
 X - a ring of positive energy
Wands
 c - a wand of mindburst (5)
 g - a wand of polymorph (23)
 x - a wand of light (6)
 A - a wand of flame (36)
 E - a wand of warping (19)
 K - a wand of paralysis (9) (quivered)
Scrolls
 d - 2 scrolls of revelation
 f - a scroll of silence
 o - 11 scrolls of vulnerability
 r - 3 scrolls of enchant weapon
 t - 5 scrolls of fog
 u - 14 scrolls of teleportation
 y - a scroll of fear
 J - 4 scrolls of immolation
 M - 7 scrolls of enchant armour
 R - 4 scrolls of identify
 U - 2 scrolls of summoning
Potions
 h - 3 potions of might
 j - 4 potions of enlightenment
 n - 14 potions of curing
 p - 4 potions of magic
 B - 5 potions of mutation
 C - 2 potions of invisibility
 H - a potion of berserk rage
 T - a potion of cancellation
 Y - 6 potions of heal wounds


   Skills:
 - Level 13.2 Fighting
 * Level 16.2(16.5) Axes
 - Level 4.7(11.6) Maces & Flails
 - Level 1.7 Throwing
 + Level 14.8 Armour
 - Level 2.6 Dodging
 + Level 17.1 Invocations


You had 15 spell levels left.
You didn't know any spells.
Your spell library contained the following spells:

 Spells                   Type           Power      Damage    Failure   Level
 Apportation              Tloc           0%         N/A       97%         1
 Necrotise                Necr           0%         1d4       97%         1
 Sting                    Conj/Alch      0%         1d3       97%         1
 Summon Small Mammal      Summ           0%         N/A       97%         1
 Mercury Vapours          Alch/Air       0%         N/A       99%         2
 Teleport Other           Tloc           0%         N/A       100%        3
 Brom's Barrelling Bould  Conj/Erth      0%         2d3       100%        4
 Olgreb's Toxic Radiance  Alch           0%         N/A       100%        4
 Fireball                 Conj/Fire      0%         3d3       100%        5
 Iskenderun's Battlesphe  Conj           0%         2d6       100%        5
 Conjure Ball Lightning   Conj/Air       0%         3x3d6     100%        6
 Dispersal                Tloc           0%         N/A       100%        6
 Gell's Gavotte           Tloc           0%         2d(11-16) 100%        6
 Orb of Destruction       Conj           0%         9d5       100%        7


Dungeon Overview and Level Annotations

Branches:
Dungeon (15/15)            Temple (1/1) D:4            Lair (5/5) D:9
 Shoals (0/4) Lair:3        Snake (2/4) Lair:2        Slime (0/5) Lair:5
    Orc (2/2) D:12            Elf (0/3) Orc:2        Vaults (0/5) D:14
 Depths (0/4) D:15          Sewer (visited)         Volcano (visited)

Altars:
Ashenzari
Cheibriados
Dithmenos
Fedhas
Gozag
Hepliaklqana
Kikubaaqudgha
Makhleb
Nemelex Xobeh
Okawaru
Qazlal
Ru
Sif Muna
Trog
Uskayaw
Vehumet
Wu Jian
Xom
Yredelemnul
Jiyva

Shops:
D:10 :   Orc:1 *   Orc:2 ::*=

Portals:
Trove: D:12 (give +2 gold dragon scales)

Annotations:
D:5 2 transporters, soul19's ghost, novice DsSh
D:13 3 runed translucent doors, Inta's ghost, journeyman TeAE


Innate Abilities, Weirdness & Mutations

You have claws for hands.
You are mostly covered in slimy green scales. (AC +3)
You sometimes emit foul miasma when damaged in melee.
You regenerate magic rapidly.


Message History

No target in view!
The shock serpent shoots out a bolt of lightning at you!
The bolt of electricity hits you!
The shock serpent shoots out a bolt of lightning at you!
The bolt of electricity hits you!!
You start resting.
A shock serpent is nearby!
The shock serpent shoots out a bolt of lightning at you!
The bolt of electricity hits you but does no damage.
The bolt of electricity hits you!!
You are too injured to fight recklessly!
You are too injured to fight recklessly!
You are too injured to fight recklessly!
You are too injured to fight recklessly!
You are too injured to fight recklessly!
You are too injured to fight recklessly!
You are too injured to fight recklessly!
You are too injured to fight recklessly!
You are too injured to fight recklessly!
You slice the shock serpent!! You burn the shock serpent!
The shock serpent is severely wounded.
The shock serpent's electric aura discharges, shocking you!
The shock serpent bites you but does no damage. x2
You closely miss the shock serpent.
The shock serpent is severely wounded.
The shock serpent bites you but does no damage.
You closely miss the shock serpent.
The shock serpent is severely wounded.
The shock serpent bites you. The shock serpent shocks you!
You closely miss the shock serpent.
The shock serpent is severely wounded.
The shock serpent shoots out a bolt of lightning at you!
The bolt of electricity hits you!
* * * LOW HITPOINT WARNING * * *
The bolt of electricity hits you!
* * * LOW HITPOINT WARNING * * *
The shock serpent shoots out a bolt of lightning at you!
The bolt of electricity hits you!
You die...
Your body falls in perfect tune with the rhythm.

###. .. ...
#...##. ....
#...S.##.....
#......[.#
#......#
##.#...#
#####.#####
#...#.#
#..@S.#####
#.....#...#####
##....#.......##
#....#...<....#
#....##.......#
#<...>.......>#
#...###....####
##### #......#
######[#


You could see a shock serpent.

Vanquished Creatures
  Gastronok (Lair:3)
  A fire giant (D:15)
  Nessos (Lair:4)
  The ghost of olddryhag the Prestidigitator, a journeyman CoWn of Gozag (Lair:2)
  An ettin (D:14)
  A yaktaur captain (D:14)
  A fire dragon (Lair:5)
  2 rakshasas
  9 hydras
  3 catoblepae
  2 anacondas (Snake:1)
  6 centaur warriors
  5 two-headed ogres
  5 death yaks (Lair:3)
  A tengu warrior (D:14)
  5 boulder beetles
  A naga warrior (Snake:1)
  5 orc high priests (Orc:2)
  2 shock serpents (Snake:1)
  A sun demon (Volcano)
  3 skysharks
  4 skeletal warriors (D:12)
  2 mana vipers (Snake:1)
  A naga ritualist (Snake:1)
  A harpy (shapeshifter) (D:15)
  A lindwurm (Lair:5)
  A thermic dynamo (D:14)
  An obsidian bat (Orc:2)
  8 orc knights
  A necromancer (D:14)
  5 manticores
  4 orc sorcerers
  A salamander (Snake:1)
  2 cyclopes (D:13)
  39 ugly things
  4 molten gargoyles
  3 merfolk sirens (Lair:3)
  12 elephants
  15 slime creatures
  A naga mage (Snake:1)
  9 black mambas
  An ice statue (D:10)
  2 torpor snails
  13 cane toads
  A gargoyle (D:13)
  An unseen horror (D:10)
  An efreet (D:13)
  Jeremiah (Lair:1)
  A kobold demonologist (D:11)
  13 komodo dragons
  4 rime drakes
  A red devil (Volcano)
  3 trolls (D:10)
  2 polar bears
  11 blink frogs
  2 hornets (D:10)
  Grinder (D:5)
  18 dream sheep
  A shadow (D:7)
  A vampire (D:12)
  Sigmund (D:2)
  5 wyverns
  86 yaks
  7 basilisks
  A fire bat (Volcano)
  4 wargs (Orc:1)
  16 humans (D:14)
  3 steam dragons
  12 vampire mosquitoes
  7 nagas
  A harpy simulacrum (D:15)
  2 acid dragons
  13 water moccasins
  6 hell hounds
  An ice beast (D:7)
  A swamp drake (D:12)
  39 orc warriors
  4 sky beasts
  8 black bears
  A crocodile (Sewer)
  3 ogres
  37 wolves
  17 centaurs
  A phantom (D:4)
  4 kobold brigands
  8 bullfrogs
  3 scorpions
  6 wights
  7 killer bees
  9 howler monkeys
  2 electric eels (D:10)
  10 lava snakes
  5 hounds
  A jelly (D:6)
  34 orc priests
  4 gnoll boudas
  2 sleepcaps
  Terence (D:2)
  5 iguanas
  23 orc wizards
  14 gnolls
  5 adders
  A river rat (Sewer)
  3 shadow imps
  3 ufetubi
  3 dart slugs (D:3)
  8 ribbon worms
  109 orcs
  6 endoplasms
  3 giant cockroaches
  6 goblins
  7 hobgoblins
  3 jackals (D:3)
  2 quokkas
  11 ball pythons
  6 bats
  2 frilled lizards (D:4)
  24 kobolds
  10 rats
876 creatures vanquished.

Notes
Turn   | Place    | Note
-------+----------+-------------------------------------------
     0 | D:1      | Orlauf the Demonspawn Gladiator began the quest for the
                  | Orb.
     0 | D:1      | Reached XP level 1. HP: 16/16 MP: 1/1
   138 | D:1      | You fall into a shaft and drop 1 floor!
   199 | D:2      | Gained mutation: You are partially covered in slimy green
                  | scales. (AC +2) [demonic ancestry]
   199 | D:2      | Reached XP level 2. HP: 16/22 MP: 2/2
   286 | D:2      | Noticed Sigmund
   297 | D:2      | Killed Sigmund
   298 | D:2      | Reached XP level 3. HP: 29/29 MP: 3/3
   298 | D:2      | Reached XP level 4. HP: 35/35 MP: 4/4
   298 | D:2      | Reached XP level 5. HP: 41/41 MP: 5/5
   522 | D:2      | Noticed Terence
   598 | D:1      | Reached skill level 1 in Axes
  1102 | D:2      | Killed Terence
  1170 | D:2      | Reached XP level 6. HP: 29/48 MP: 6/6
  2248 | D:4      | Found a staircase to the Ecumenical Temple.
  2291 | D:4      | Found a glowing drain.
  2315 | Sewer    | Entered a sewer
  2511 | Sewer    | Gained mutation: You regenerate magic rapidly. [demonic
                  | ancestry]
  2511 | Sewer    | Reached XP level 7. HP: 33/53 MP: 7/7
  2797 | Sewer    | Reached skill level 5 in Fighting
  3118 | D:4      | Reached skill level 5 in Axes
  3827 | Temple   | Found a transporter.
  3827 | Temple   | Found a transporter.
  3827 | Temple   | Found a transporter.
  3827 | Temple   | Found a transporter.
  3827 | Temple   | Entered the Ecumenical Temple
  3858 | Temple   | Became a worshipper of Uskayaw the Reveller
  3903 | D:5      | Entered Level 5 of the Dungeon
  4024 | D:5      | Found a transporter.
  4028 | D:5      | Noticed soul19's ghost (novice DsSh)
  4031 | D:5      | Reached * piety under Uskayaw
  4090 | D:5      | Reached ** piety under Uskayaw
  4092 | D:5      | Gained mutation: You may rarely emit foul miasma when
                  | damaged in melee. [demonic ancestry]
  4092 | D:5      | Reached XP level 8. HP: 34/63 MP: 8/8
  4241 | D:5      | Found a transporter.
  4292 | D:5      | Noticed Grinder
  4306 | D:5      | Paralysed by Grinder for 2 turns
  4310 | D:5      | Killed Grinder
  4311 | D:5      | Reached skill level 2 in Invocations
  4541 | D:5      | Reached *** piety under Uskayaw
  4543 | D:5      | Reached **** piety under Uskayaw
  4922 | D:6      | Reached skill level 3 in Invocations
  5750 | D:6      | Reached skill level 4 in Invocations
  6122 | D:7      | Gained mutation: You have sharp fingernails. [demonic
                  | ancestry]
  6122 | D:7      | Reached XP level 9. HP: 43/71 MP: 12/12
  6231 | D:7      | Found a sacrificial altar of Ru.
  6251 | D:7      | Reached ***** piety under Uskayaw
  6253 | D:7      | Reached skill level 5 in Invocations
  6809 | D:7      | Reached skill level 6 in Invocations
  7103 | D:7      | Found an ornate altar of the Wu Jian Council.
  7336 | D:8      | Reached skill level 7 in Invocations
  7402 | D:8      | Reached XP level 10. HP: 58/80 MP: 15/15
  7847 | D:8      | Reached skill level 1 in Armour
  7959 | D:8      | Noticed a two-headed ogre
  7980 | D:8      | Killed a two-headed ogre
  8185 | D:8      | Found a shadowy altar of Dithmenos.
  8186 | D:8      | Found a shimmering blue altar of Sif Muna.
  8616 | D:9      | Noticed a two-headed ogre
  8630 | D:9      | Killed a two-headed ogre
  8631 | D:9      | Reached skill level 8 in Invocations
  8910 | D:9      | Reached skill level 10 in Axes
  9390 | D:9      | Found an iron altar of Okawaru.
  9464 | D:9      | Found a staircase to the Lair.
  9488 | D:9      | Noticed a two-headed ogre
  9496 | D:9      | Killed a two-headed ogre
 10050 | D:10     | Entered Level 10 of the Dungeon
 10056 | D:10     | Reached skill level 9 in Invocations
 10056 | D:10     | Gained mutation: You have very sharp fingernails. [demonic
                  | ancestry]
 10056 | D:10     | Reached XP level 11. HP: 83/89 MP: 17/17
 10825 | D:10     | Found Ugudgh's Book Shoppe.
 11141 | D:10     | Paralysed by a hornet for 1 turns
 11180 | D:10     | Identified the amulet "Umahet" {Harm rC+ Regen+ Int+2 SInv}
 11180 | D:10     | Noticed a centaur warrior
 11184 | D:10     | Killed a centaur warrior
 11185 | D:10     | Reached skill level 10 in Invocations
 11816 | D:10     | Reached skill level 5 in Armour
 12474 | D:11     | Reached skill level 10 in Fighting
 12823 | D:11     | Noticed a purple ugly thing
 12830 | D:11     | Killed a purple ugly thing
 12971 | D:11     | Reached XP level 12. HP: 90/97 MP: 20/20
 13211 | Lair:1   | Entered Level 1 of the Lair of Beasts
 13356 | Lair:1   | Reached skill level 11 in Invocations
 13597 | Lair:1   | Noticed Jeremiah
 13608 | Lair:1   | Killed Jeremiah
 13620 | Lair:1   | Identified the +0 chain mail of the Sparrow {Fly Will+}
 13988 | Lair:1   | Noticed a boulder beetle
 13997 | Lair:1   | Killed a boulder beetle
 14193 | Lair:2   | Noticed a catoblepas
 14201 | Lair:2   | Killed a catoblepas
 14212 | Lair:2   | Reached skill level 12 in Invocations
 14247 | Lair:2   | Found a staircase to the Snake Pit.
 14332 | Lair:2   | Reached ****** piety under Uskayaw
 14438 | Lair:2   | Found a runed translucent door.
 14438 | Lair:2   | Noticed olddryhag's ghost (journeyman CoWn)
 14692 | Lair:2   | Gained mutation: You sometimes emit foul miasma when
                  | damaged in melee. [demonic ancestry]
 14692 | Lair:2   | Reached XP level 13. HP: 93/106 MP: 22/22
 14823 | Lair:2   | Identified the +7 plate armour "Umeodek" {Rampage rPois
                  | rCorr Stlth+}
 15023 | Lair:2   | Killed olddryhag's ghost
 15160 | Lair:3   | Reached skill level 13 in Invocations
 15173 | Lair:3   | Identified the +0 leather armour of Distant Shores {MP+9
                  | Str+3}
 15402 | Lair:3   | Found a staircase to the Shoals.
 15585 | Lair:3   | You fall into a shaft and drop 2 floors!
 15585 | Lair:5   | Entered Level 5 of the Lair of Beasts
 15589 | Lair:5   | Reached skill level 10 in Armour
 15775 | Lair:5   | Reached XP level 14. HP: 53/115 MP: 24/24
 15846 | Lair:5   | Found a dark tunnel.
 15854 | Volcano  | Entered a volcano
 16122 | Volcano  | Found a bloodstained altar of Trog.
 16140 | Volcano  | Reached skill level 14 in Invocations
 16216 | Volcano  | Paralysed by an orc sorcerer for 5 turns
 16570 | Lair:3   | Noticed Gastronok
 16586 | Lair:3   | Killed Gastronok
 16866 | Lair:4   | Noticed Nessos
 16870 | Lair:4   | Killed Nessos
 17599 | Lair:5   | Found a viscous altar of Jiyva.
 17599 | Lair:5   | Found a staircase to the Slime Pits.
 17821 | Lair:5   | Found a large runed translucent door.
 17822 | Lair:5   | Found a large runed translucent door.
 18205 | Lair:5   | Identified a scroll of acquirement
 18205 | Lair:5   | Acquired a +2 heavy executioner's axe
 18423 | D:12     | Reached skill level 15 in Invocations
 18478 | D:12     | Found a transporter.
 18540 | D:12     | Found a transporter.
 18621 | D:12     | Gained mutation: You are mostly covered in slimy green
                  | scales. (AC +3) [demonic ancestry]
 18621 | D:12     | Reached XP level 15. HP: 123/123 MP: 26/26
 18826 | D:12     | Found a staircase to the Orcish Mines.
 18973 | D:12     | Found a portal to a secret trove of treasure.
 19277 | Orc:1    | Entered Level 1 of the Orcish Mines
 19277 | Orc:1    | Found Bolofo's Assorted Antiques.
 19296 | Orc:1    | Bought 2 potions of curing for 150 gold pieces
 19570 | Orc:1    | You fall into a shaft and drop 1 floor!
 19570 | Orc:2    | Entered Level 2 of the Orcish Mines
 19886 | Orc:2    | HP: 4/124 [smoke demon/divine providence[an orc high
                  | priest] (15)]
 20219 | Orc:2    | Found a staircase to the Elven Halls.
 20358 | Orc:2    | Found Sefi's Jewellery Emporium.
 20361 | Orc:2    | Found Fuafibat's Book Emporium.
 20362 | Orc:2    | Found Rotoawut's General Store.
 20363 | Orc:2    | Found Senyome's Book Shoppe.
 20366 | Orc:2    | Bought a potion of heal wounds for 60 gold pieces
 20366 | Orc:2    | Bought a potion of heal wounds for 60 gold pieces
 20366 | Orc:2    | Bought a scroll of enchant weapon for 90 gold pieces
 20731 | D:13     | Found a runed translucent gate.
 20731 | D:13     | Found a runed translucent gate.
 20732 | D:13     | Found a runed translucent gate.
 20735 | D:13     | Noticed Inta's ghost (journeyman TeAE)
 21253 | D:14     | Found a gate to the Vaults.
 21258 | D:14     | Reached skill level 15 in Axes
 21258 | D:14     | Reached skill level 16 in Invocations
 21814 | D:14     | Gained mutation: You have claws for hands. [demonic
                  | ancestry]
 21814 | D:14     | Reached XP level 16. HP: 123/131 MP: 28/28
 21972 | D:14     | Found a runed translucent door.
 21976 | D:14     | Identified the amulet of Mikajux {Faith -Tele Rampage +Inv
                  | rCorr}
 22142 | D:15     | Entered Level 15 of the Dungeon
 22564 | D:15     | Found a staircase to the Depths.
 23326 | Snake:1  | Entered Level 1 of the Snake Pit
 23556 | Snake:1  | Reached skill level 17 in Invocations
 23679 | Snake:1  | Identified the +8 rapier "Dugal" {distort, Fly rElec rN++
                  | Stlth-}
 24420 | Snake:2  | Killed from afar by a shock serpent

Illustrated notes

Levels and vault maps discovered:
D:1:      lemuel_arrival_tunnels, layout_rooms
D:2:      layout_loops_cross, uniq_terence, uniq_sigmund
D:3:      layout_loops_ring, chequers_serial_rivers_large_a, minivault_14,
          hex_large
D:4:      layout_gridville, minmay_temple_entry_mist,
          mainiacjoe_sewer_entry_somewhere_in_here_1
D:5:      layout_gridville, serial_rivers, chequers_serial_rivers_micro_e,
          chequers_serial_rivers_room_a, chequers_serial_rivers_micro_e,
          chequers_serial_rivers_micro_c, chequers_serial_rivers_small_a,
          chequers_serial_rivers_small_a, gammafunk_ghost_stat_death,
          uniq_grinder
D:6:      layout_basic
D:7:      layout_basic, mainiacjoe_overflow_catch_the_wave,
          minmay_joined_circles, uniq_menkaure
D:8:      layout_basic, gammafunk_temple_overflow_pools
D:9:      layout_long_grid, mainiacjoe_overflow_catwalk, lair_entry_dummy,
          dk_rats_in_the_wall
D:10:     layout_loops_ring, serial_shops, shop, chequers_big_river,
          nzn_random_ring
D:11:     layout_roguey
D:12:     gammafunk_boulding_lane, layout_rooms, erik_orc_1, serial_aquarium,
          aquarium_bridge_island_large [aquarium_subvault_large_open,
          aquarium_subvault_bridge, aquarium_subvault_window,
          aquarium_subvault_bridge, aquarium_subvault_bridge],
          aquarium_window_2, aquarium_window_2, aquarium_view_2e,
          aquarium_balcony_3a, nicolae_trove_entry_free_sample
D:13:     layout_long_grid, gammafunk_ghost_spectres
D:14:     layout_roguey, david_vaults_3, nrook_mini_backslash,
          kennysheep_treasure_room
D:15:     grunt_enter_depths_giant_problem, layout_gridville,
          nicolae_concentric_dashed_squares_wild
Temple:   hellmonk_temple_divided_pantheon
Lair:1:   beast_lair_carwin_large_3, layout_chaotic_city, uniq_jeremiah
Lair:2:   layout_roguey, minmay_snake_entry_guardpost_small,
          hellmonk_ghost_happy_afterlife, beast_lair_carwin_8
Lair:3:   layout_small_grid, elwin_shoals_entry_rooms,
          infiniplex_staircase_pool_2, uniq_gastronok
Lair:4:   layout_loops_ring, uniq_nessos
Lair:5:   cheibrodos_lair_end_hotspot, layout_big_grid, slime_entry_1,
          enter_volcano_3, minivault_25, st_stairs_6
Snake:1:  layout_gridlike, serial_bayou_shore_b
Snake:2:  layout_misc_corridors, serial_shops, shop, nicolae_square_shop,
          uniq_aizul
Orc:1:    layout_diamond_mine, serial_shops, nicolae_shop_window_shopping,
          nooodl_orcs_dogs
Orc:2:    st_orc_pillars, layout_caves

Skill      XL: |  1  2  3  4  5  6  7  8  9 10 11 12 13 14 15 16 |
---------------+-------------------------------------------------+-----
Maces & Flails | 3 4 |  4.7
Fighting       | 3 4 5 6 8 9 10 11 12 13 | 13.2
Axes           | 2 3 5 7 9 10 11 12 13 14 15 16 | 16.2
Invocations    | 4 7 9 10 12 13 15 16 17 | 17.1
Armour         | 3 5 8 10 12 14 | 14.8
Throwing       | |  1.7
Dodging        | |  2.6

Action                     |  1- 3 |  4- 6 |  7- 9 | 10-12 | 13-15 | 16-18 || total
---------------------------+-------+-------+-------+-------+-------+-------++-------
  Melee: Flail             |    27 |       |     5 |       |       |       ||    32
         Unarmed           |     4 |       |       |       |       |       ||     4
         Battleaxe         |     2 |   226 |   265 |       |   594 |   150 ||  1237
         Broad axe         |       |       |    77 |   430 |   198 |       ||   705
  Throw: Throwing net      |     3 |     1 |     3 |     5 |       |       ||    12
         Javelin           |       |       |       |     3 |       |       ||     3
         Dart              |       |       |       |     2 |       |       ||     2
 Invoke: Grand Finale      |       |       |       |       |     4 |       ||     4
  Evoke: Wand              |       |       |       |    24 |     2 |       ||    26
    Use: Potion            |     2 |       |     7 |     7 |     6 |     1 ||    23
         Scroll            |     1 |    10 |    10 |     5 |     6 |       ||    32
   Stab: Confused          |     1 |       |       |       |       |       ||     1
         Paralysed         |       |       |    17 |    75 |   141 |    34 ||   267
 Armour: Leather armour    |    30 |     3 |       |       |       |       ||    33
         Skin              |     2 |       |     8 |       |       |       ||    10
         Ring mail         |       |    81 |       |       |       |       ||    81
         Chain mail        |       |   185 |   375 |   462 |     5 |       ||  1027
         Plate armour      |       |       |       |       |   839 |   257 ||  1096
  Dodge: Dodged            |    24 |   126 |   192 |   197 |   258 |    41 ||   838

Table legend: (Time is in decaauts)
 A = Elapsed time spent in this place.
 B = Non-inter-level travel time spent in this place.
 C = Inter-level travel time spent in this place.
 D = Time resting spent in this place.
 E = Time spent auto-exploring this place.
 F = Levels seen in this place.
 G = Mean time per level.
                   A        B        C        D        E       F      G
               +--------+--------+--------+--------+--------+-----+--------+
         Total |  24692 |  23407 |   1285 |   2575 |  15492 |  27 |  914.5 |
       Dungeon |  16569 |  15704 |    865 |   2019 |  10581 |  15 | 1104.6 |
        Temple |     45 |     35 |     10 |      0 |      0 |   1 |   45.0 |
          Lair |   4605 |   4328 |    277 |    398 |   2873 |   5 |  921.0 |
     Snake Pit |   1086 |   1025 |     61 |      3 |    900 |   2 |  543.0 |
  Orcish Mines |   1214 |   1144 |     70 |     34 |    765 |   2 |  607.0 |
         Sewer |    641 |    641 |      0 |     84 |    268 |   1 |  641.0 |
       Volcano |    530 |    530 |      0 |     37 |    104 |   1 |  530.0 |
               +--------+--------+--------+--------+--------+-----+--------+

Top non-repeatable levels by time:
    D:10: 2053 daAuts
     D:9: 1835 daAuts
     D:7: 1277 daAuts
     D:4: 1265 daAuts
  Lair:5: 1246 daAuts
     D:8: 1220 daAuts
     D:6: 1191 daAuts
 Snake:1: 1040 daAuts
  Lair:1: 1032 daAuts
    D:15: 1032 daAuts
     D:5: 1024 daAuts
    D:11: 952 daAuts
    D:12: 908 daAuts
  Lair:2: 886 daAuts
     D:2: 861 daAuts
